 Dungeon Crawl Stone Soup version 0.17.0-9-g801d43b (webtiles) character file.

7756 andalon the Blocker (level 11, 0/95 HPs)
             Began as a Minotaur Fighter on Nov 7, 2015.
             Was an Elder of Dithmenos.
             Killed from afar by an electric eel (8 damage)
             ... with a bolt of electricity
             ... on level 10 of the Dungeon on Nov 9, 2015.
             The game lasted 00:54:45 (10676 turns).

andalon the Blocker (Minotaur Fighter)             Turns: 10676, Time: 00:54:46

Health: 0/95       AC: 17    Str: 20    XL:     11   Next: 1%
Magic:  10/10      EV:  9    Int:  6    God:    Dithmenos [****..]
Gold:   337        SH: 13    Dex: 15    Spells: 0 memorised, 10 levels left

rFire  . . .     SeeInvis +     a - +0 war axe
rCold  . . .     Clarity  +     S - +0 plate armour
rNeg   . . .     SustAt   .     c - +1 shield
rPois  .         Gourm    .     (helmet restricted)
rElec  .         Spirit   .     C - +2 cloak
rCorr  .         Warding  .     (no gloves)
rMut   .         Stasis   .     (no boots)
MR     .....                    i - amulet of clarity
Stlth  ..........               G - ring of see invisible
                                g - +2 ring of dexterity

@: wreathed by umbra, not resistant to hostile enchantments, extremely
unstealthy
A: retaliatory headbutt, horns 2, mutation resistance 1
a: Shadow Step, Renounce Religion


You were on level 10 of the Dungeon.
You worshipped Dithmenos.
Dithmenos was greatly pleased with you.
You were not hungry.

You visited 2 branches of the dungeon, and saw 11 of its levels.

You collected 637 gold pieces.
You spent 300 gold pieces at shops.

Inventory:

Hand Weapons
 a - a +0 war axe (weapon)
 P - a +0 shortbow
Missiles
 k - 24 poisoned needles
 p - 144 arrows
 q - 9 arrows of dispersal
 H - 10 tomahawks (quivered)
Armour
 b - a +0 scale mail
 c - a +1 shield (worn)
 C - a +2 cloak (worn)
 F - the +1 robe "Piuloonk" {Int+2, unknown}
   (You found it on level 6 of the Dungeon)

   It affects your intelligence (+2).
 O - a +0 ring mail of poison resistance
 S - a +0 plate armour (worn)
Jewellery
 g - a +2 ring of dexterity (left hand)
 i - an amulet of clarity (around neck)
 j - an uncursed amulet of guardian spirit
 l - an uncursed ring of ice
 z - a +1 ring of evasion
 G - a ring of see invisible (right hand)
 J - an uncursed ring of see invisible
Wands
 n - a wand of confusion (47)
 v - a wand of slowing (26)
 B - a wand of confusion (34)
Scrolls
 h - 6 scrolls of identify
 s - 5 scrolls of teleportation
 u - 6 scrolls of remove curse
 x - 2 scrolls of amnesia
 y - 4 scrolls of fog
 R - a scroll of fear
Potions
 d - 3 potions of might
 f - a potion of ambrosia
 m - 2 potions of curing
 t - a potion of resistance
 w - a potion of heal wounds
 A - 2 potions of brilliance
 I - a potion of flight {unknown}
 K - a potion of magic {unknown}
 N - a potion of agility
 Q - a potion of invisibility {unknown}
Books
 M - a book of Hinderance

   Spells                             Type                      Level
   a - Confusing Touch                Hexes                        2
   b - Confuse                        Hexes                        3
   c - Gell's Gravitas                Hexes/Translocation          3
   d - Petrify                        Transmutation/Earth          4
   e - Metabolic Englaciation         Hexes/Ice                    5
Comestibles
 e - 8 bread rations
 o - 2 meat rations
 r - a slice of pizza
 D - a royal jelly
 L - a fruit


   Skills:
 + Level 8.9 Fighting
 + Level 10.2 Axes
 + Level 9.0 Armour
 + Level 7.6 Dodging
 + Level 1.7 Stealth
 + Level 10.8 Shields


You had 10 spell levels left.
You didn't know any spells.

Dungeon Overview and Level Annotations

Branches:
Dungeon (10/15)            Temple (1/1) D:7            Lair (0/8) D:10
    Orc (0/4) D:10

Altars:
Ashenzari
Cheibriados
Dithmenos
Elyvilon
Fedhas
Gozag
Kikubaaqudgha
Makhleb
Nemelex Xobeh
Okawaru
Qazlal
Ru
Sif Muna
Trog
Vehumet
Xom
Yredelemnul
Zin
The Shining One

Shops:
D:6 [   D:7 =

Annotations:
D:7 Prince Ribbit


Innate Abilities, Weirdness & Mutations

You reflexively headbutt those who attack you in melee.
You have a pair of horns on your head.
You are somewhat resistant to further mutation.


Message History

The electric eel completely resists.
You hit the electric eel but do no damage.
Your headbutt misses the electric eel.
The electric eel is heavily wounded.
The electric eel shoots out a bolt of lightning at you!
The bolt of electricity hits you!
* * * LOW HITPOINT WARNING * * *
The bolt of electricity hits you!
* * * LOW HITPOINT WARNING * * *
The bolt of electricity misses the electric eel.
The electric eel shoots out a bolt of lightning at you!
The bolt of electricity hits you!
* * * LOW HITPOINT WARNING * * *
The electric eel shoots out a bolt of lightning at you!
The bolt of electricity hits the electric eel.
The electric eel completely resists.
The bolt of electricity hits you!
* * * LOW HITPOINT WARNING * * *
The electric eel shoots out a bolt of lightning at you!
The bolt of electricity hits you!
You die...

≈≈≈≈≈≈≈≈≈≈≈≈≈≈≈P≈≈
≈≈≈≈≈≈≈≈≈≈≈≈≈≈≈≈≈≈
PPP≈;≈≈≈≈≈≈≈≈≈♣≈≈
≈≈≈≈≈≈≈;≈≈≈≈P≈
≈≈)≈≈≈≈≈≈♣♣≈♣
♣≈♣♣♣;≈♣≈♣
♣≈♣≈♣♣≈# #(....#
##@####
####.######
#.....)...#
#..#..##..#
#..<..##..#
###.........#
........##..#
###..#..##..###
#............


You could see 2 electric eels.

Vanquished Creatures
  A hill giant (D:10)
  2 two-headed ogres
  A spriggan (D:7)
  A basilisk (D:10)
  A hippogriff (D:8)
  A water moccasin (D:8)
  2 black bears
  3 orc warriors (D:10)
  A phantom (D:9)
  5 ogres
  4 porcupines (D:10)
  3 ice beasts
  5 sky beasts
  4 centaurs
  A crocodile (D:10)
  A wasp (D:8)
  A big kobold (D:8)
  4 giant frogs
  A wyvern zombie (D:7)
  A water moccasin skeleton (D:6)
  6 scorpions
  16 killer bees
  13 wights
  3 jellies
  4 crimson imps
  An electric eel (D:10)
  7 orc wizards
  A gnoll shaman (D:7)
  2 centaur zombies
  6 orc priests
  3 centaur skeletons
  8 hounds
  2 iguanas
  11 sheep (D:10)
  7 worker ants
  2 hound skeletons
  2 worker ant zombies
  8 adders
  4 gnolls
  2 river rats (D:10)
  2 shadow imps
  2 oozes
  3 worms
  2 giant geckos
  47 orcs
  A ball python (D:3)
  5 bats
  3 giant cockroaches
  8 goblins
  11 hobgoblins
  4 jackals
  A giant gecko zombie (D:5)
  4 giant newts
  2 jackal skeletons
  9 kobolds
  7 quokkas
  10 rats
  A bush (D:9)
273 creatures vanquished.

Vanquished Creatures (others)
  An orc (D:10)
  2 bushes (D:10)
  13 plants (D:10)
16 creatures vanquished.

Grand Total: 289 creatures vanquished

Notes
Turn   | Place    | Note
--------------------------------------------------------------
     0 | D:1      | andalon the Minotaur Fighter began the quest for the Orb.
     0 | D:1      | Reached XP level 1. HP: 19/19 MP: 0/0
   335 | D:1      | Reached XP level 2. HP: 25/27 MP: 1/1
   438 | D:1      | Reached skill level 4 in Shields
  1013 | D:2      | Reached XP level 3. HP: 33/33 MP: 2/2
  1385 | D:2      | Found a radiant altar of Vehumet.
  1669 | D:2      | Reached XP level 4. HP: 40/40 MP: 3/3
  1727 | D:2      | Found an ancient bone altar of Kikubaaqudgha.
  1931 | D:3      | Found a shadowy altar of Dithmenos.
  1939 | D:3      | Became a worshipper of Dithmenos the Shadowed
  2112 | D:3      | Found a snail-covered altar of Cheibriados.
  2203 | D:3      | Reached skill level 1 in Dodging
  2320 | D:4      | Reached skill level 5 in Armour
  2320 | D:4      | Reached XP level 5. HP: 32/46 MP: 4/4
  2668 | D:4      | Reached * piety under Dithmenos
  2680 | D:4      | Reached skill level 5 in Shields
  2680 | D:4      | Reached XP level 6. HP: 41/53 MP: 5/5
  2740 | D:4      | Found a burning altar of Makhleb.
  2743 | D:4      | Noticed a blizzard demon
  2751 | D:4      | Noticed a neqoxec
  2751 | D:4      | Noticed a hellwing
  2838 | D:5      | Entered Level 5 of the Dungeon
  3161 | D:5      | Reached skill level 5 in Fighting
  3339 | D:5      | Found an iron altar of Okawaru.
  3470 | D:5      | Reached XP level 7. HP: 61/61 MP: 6/6
  3523 | D:5      | Reached skill level 6 in Armour
  3699 | D:6      | Reached skill level 1 in Stealth
  3960 | D:6      | Found Toak Ecsio's Antique Armour Emporium.
  3968 | D:6      | Reached skill level 5 in Axes
  4005 | D:6      | Bought a runed cloak for 135 gold pieces
  4058 | D:6      | Reached XP level 8. HP: 29/70 MP: 7/7
  4335 | D:6      | Reached ** piety under Dithmenos
  4386 | D:6      | Reached skill level 7 in Shields
  4591 | D:6      | Found a stormy altar of Qazlal.
  4789 | D:6      | Found a bloodstained altar of Trog.
  4877 | D:6      | Got a dull robe
  5088 | D:6      | Upgraded the game from 0.17.0-1-g61d176b to 0.17.0-7-gfadd4cc
  5137 | D:7      | Reached skill level 5 in Dodging
  5250 | D:7      | Reached XP level 9. HP: 60/78 MP: 8/8
  5357 | D:7      | Found a staircase to the Ecumenical Temple.
  5412 | D:7      | Noticed Prince Ribbit
  5485 | Temple   | Entered the Ecumenical Temple
  5632 | D:7      | Found Noyph's Jewellery Emporium.
  6247 | D:7      | Reached skill level 8 in Shields
  6446 | D:7      | Bought an uncursed ring of see invisible for 165 gold pieces
  6740 | D:8      | Found an iron altar of Okawaru.
  6893 | D:8      | Reached *** piety under Dithmenos
  7614 | D:8      | Reached skill level 9 in Shields
  7790 | D:8      | Reached XP level 10. HP: 83/88 MP: 9/9
  7843 | D:8      | Gained mutation: You are somewhat resistant to further mutation. [potion of beneficial mutation]
  7914 | D:8      | Upgraded the game from 0.17.0-7-gfadd4cc to 0.17.0-9-g801d43b
  7917 | D:9      | Found a glowing silver altar of Zin.
  8726 | D:10     | Entered Level 10 of the Dungeon
  9118 | D:10     | Reached skill level 10 in Shields
  9279 | D:10     | Reached **** piety under Dithmenos
  9671 | D:10     | Found a staircase to the Lair.
  9778 | D:10     | Noticed a hill giant
  9785 | D:10     | Killed a hill giant
  9884 | D:10     | Found a staircase to the Orcish Mines.
  9976 | D:10     | Reached skill level 10 in Axes
 10319 | D:10     | Reached XP level 11. HP: 61/95 MP: 10/10
 10676 | D:10     | Killed from afar by an electric eel

Action                   |  1- 3 |  4- 6 |  7- 9 | 10-12 || total
-------------------------+-------+-------+-------+-------++-------
Melee: War axe           |   100 |   127 |   369 |   344 ||   940
  Use: Scroll            |     7 |     5 |     3 |     1 ||    16
       Potion            |     3 |     3 |     2 |     2 ||    10
  Eat: Chunk             |     3 |     5 |     5 |     5 ||    18
       Bread ration      |       |       |     2 |     2 ||     4
       Pizza             |       |       |     1 |       ||     1
